 Dungeon Crawl Stone Soup version 0.26.1-2-gb8aa6d0 (webtiles) character file.

Game seed: 235618040800151969

11470 catcat the Severer (level 11, -1/138 HPs)
             Began as a Minotaur Berserker on Mar 4, 2024.
             Was a High Priest of Trog.
             Slain by Gastronok (25 damage)
             ... on level 2 of the Lair of Beasts.
             The game lasted 00:19:41 (11179 turns).

catcat the Severer (Minotaur Berserker)            Turns: 11179, Time: 00:19:41

Health: -1/138     AC: 19    Str: 26    XL:     11   Next: 49%
Magic:  10/10      EV:  8    Int:  4    God:    Trog [*****.]
Gold:   712        SH: 12    Dex:  9    Spells: 10/10 levels left

rFire    . . .     SeeInvis .   J - +3 war axe
rCold    . . .     Faith    .   H - +0 kite shield
rNeg     . . .     Spirit   .   N - +3 plate armour
rPois    .         Reflect  .   (helmet restricted)
rElec    .         Harm     .   L - +0 cloak
rCorr    .         Rampage  .   u - +1 pair of gloves
Will     .....                  K - +0 pair of boots
Stlth    ..........             i - amulet of the acrobat
HPRegen  0.33/turn              (no ring)
MPRegen  0.12/turn              (no ring)

@: berserking (expiring), very quick
A: retaliatory headbutt, horns 2
a: Renounce Religion, Berserk, Trog's Hand, Brothers in Arms


You were on level 2 of the Lair of Beasts.
You worshipped Trog.
Trog was extremely pleased with you.
You visited 2 branches of the dungeon, and saw 11 of its levels.
You also visited: Sewer and Volcano.

You collected 712 gold pieces.

Inventory:

Hand Weapons
 a - a +1 hand axe
 f - a +2 hand axe of flaming
 o - a +6 flail of venom
 t - a +0 flail
 C - a +0 morningstar of protection
 J - a +3 war axe (weapon)
Missiles
 d - 9 poisoned darts
 l - 8 atropa-tipped darts
 x - a throwing net
 E - 24 boomerangs (quivered)
Armour
 s - a +1 leather armour of positive energy
 u - a +1 pair of gloves (worn)
 v - a +0 scale mail
 D - a +0 plate armour
 H - a +0 kite shield (worn)
 K - a +0 pair of boots (worn)
 L - a +0 cloak (worn)
 N - a +3 plate armour (worn)
Jewellery
 i - an amulet of the acrobat (around neck)
 O - an uncursed amulet of reflection {unknown}
Wands
 b - a wand of random effects (13)
 h - a wand of flame (15)
 F - a wand of disintegration (11)
 M - a wand of paralysis (19)
Scrolls
 g - 2 scrolls of fear {unknown}
 j - a scroll of remove curse
 k - 3 scrolls of enchant weapon
 m - 3 scrolls of enchant armour
 r - 3 scrolls of teleportation
 y - 2 scrolls of immolation {unknown}
 z - 2 scrolls of blinking {unknown}
 P - a scroll of identify
Potions
 c - 5 potions of curing
 e - a potion of attraction
 n - 5 potions of lignification
 p - 4 potions of ambrosia
 q - a potion of berserk rage
 w - a potion of magic
 A - a potion of resistance {unknown}
 B - a potion of cancellation {unknown}
 G - 2 potions of heal wounds
 I - a potion of might {unknown}


   Skills:
 - Level 7.1 Fighting
 - Level 16.0 Axes
 - Level 5.0 Armour
 - Level 4.0 Dodging
 + Level 11.4 Shields


You had 10 spell levels left.
You didn't know any spells.
Your spell library was empty.

Dungeon Overview and Level Annotations

Branches:
Dungeon (9/15)             Temple (0/1) D:5            Lair (2/6) D:9
  Sewer (visited)         Volcano (visited)
  Swamp: Lair:2-4    Shoals: Lair:2-4     Snake: Lair:2-4    Spider: Lair:2-4
    Orc: D:9-12

Altars:
Dithmenos
Qazlal

Shops:
D:5 (   D:6 }

Annotations:
Lair:2 Gastronok


Innate Abilities, Weirdness & Mutations

You reflexively headbutt those who attack you in melee.
You have a pair of horns on your head.


Message History

Gastronok is heavily wounded.
Gastronok bites you!!
* * * LOW HITPOINT WARNING * * *
You slash Gastronok!
Gastronok is heavily wounded.
You slash Gastronok!
Gastronok is severely wounded.
You hit Gastronok.
Gastronok is severely wounded.
You block Gastronok's attack.
You slash Gastronok!
Gastronok is severely wounded.
You hit Gastronok but do no damage. You headbutt Gastronok!
Gastronok is almost dead.
You slash Gastronok!
Gastronok is almost dead.
You slash Gastronok!
Gastronok is almost dead.
Gastronok bites you!!
You die...

P...... ....
....... ... .
....... .....
....... #. .....
.......## #...
.....
........#####....
...
.......w......... #
.......@#....$... #
................. #
................. #
..........$...... #
.......<..........
##
..................
.##
..................
..#.
........#.........
8..#
.........#.........


You could see Gastronok.

Vanquished Creatures
  A hydra (Lair:2)
  3 wizards (Volcano)
  2 toenail golems (Volcano)
  Maggie (D:7)
  5 cane toads (Lair:1)
  3 komodo dragons
  12 yaks
  A wraith (D:8)
  Edmund (D:4)
  7 water moccasins
  An ice beast (D:8)
  2 orc warriors
  6 black bears
  An ogre (D:5)
  4 centaurs
  A big kobold (D:8)
  13 bullfrogs
  4 scorpions
  A bullfrog zombie (D:7)
  2 hounds
  5 orc priests
  A jelly (D:8)
  2 centaur skeletons
  2 orc wizards
  2 bullfrog skeletons (D:7)
  A gnoll shaman (D:8)
  4 iguanas
  4 worker ants
  4 hound skeletons
  A hound zombie (D:9)
  Robin (D:2)
  10 adders
  13 gnolls
  2 shadow imps
  4 white imps
  4 ufetubi
  2 adder skeletons (D:5)
  An adder zombie (D:5)
  2 worms
  6 dart slugs
  10 leopard geckos
  28 orcs
  12 bats
  12 giant cockroaches
  21 goblins
  10 hobgoblins
  3 jackals (D:3)
  2 quokkas
  2 ball pythons
  7 frilled lizards
  2 jackal skeletons
  11 kobolds
  A leopard gecko zombie (D:5)
  A quokka zombie (D:7)
  3 rats
267 creatures vanquished.

Vanquished Creatures (others)
  29 fungi (D:9)
  52 plants (D:9)
81 creatures vanquished.

Grand Total: 348 creatures vanquished

Notes
Turn   | Place    | Note
-------+----------+-------------------------------------------
     0 | D:1      | catcat the Minotaur Berserker began the quest for the Orb.
     0 | D:1      | Reached XP level 1. HP: 19/19 MP: 0/0
   158 | D:1      | Reached skill level 4 in Axes
   195 | D:1      | Reached XP level 2. HP: 25/26 MP: 1/1
   830 | D:1      | Reached skill level 5 in Axes
  1153 | D:2      | Reached XP level 3. HP: 31/31 MP: 2/2
  1503 | D:2      | Noticed Robin
  1514 | D:2      | Reached ** piety under Trog
  1523 | D:2      | Killed Robin
  1524 | D:2      | Reached XP level 4. HP: 34/39 MP: 3/3
  1828 | D:2      | Reached skill level 6 in Axes
  2116 | D:3      | Found a glowing drain.
  2120 | Sewer    | Entered a sewer
  2204 | Sewer    | Noticed a water moccasin
  2216 | Sewer    | Killed a water moccasin
  2217 | Sewer    | Reached skill level 7 in Axes
  2217 | Sewer    | Reached XP level 5. HP: 16/45 MP: 4/4
  2589 | D:3      | Reached skill level 8 in Axes
  2589 | D:3      | Reached XP level 6. HP: 51/51 MP: 5/5
  2758 | D:3      | Reached *** piety under Trog
  3478 | D:4      | Reached XP level 7. HP: 60/60 MP: 6/6
  3595 | D:4      | Reached skill level 9 in Axes
  3631 | D:4      | Noticed Edmund
  3650 | D:4      | Killed Edmund
  3651 | D:4      | Reached skill level 5 in Fighting
  4175 | D:5      | Entered Level 5 of the Dungeon
  4230 | D:5      | Found Vaitwuefur's Antique Weapon Emporium.
  4339 | D:5      | Reached **** piety under Trog
  4425 | D:5      | Reached skill level 10 in Axes
  4529 | D:5      | Reached XP level 8. HP: 58/68 MP: 7/7
  4970 | D:5      | Found a staircase to the Ecumenical Temple.
  5013 | D:5      | Reached skill level 5 in Armour
  5290 | D:6      | Reached skill level 11 in Axes
  5993 | D:6      | Found Hereaf's Gadget Shoppe.
  6157 | D:7      | Reached skill level 12 in Axes
  6243 | D:7      | Found a stormy altar of Qazlal.
  6256 | D:7      | Noticed Maggie
  6278 | D:7      | Killed Maggie
  6279 | D:7      | Reached XP level 9. HP: 59/78 MP: 8/8
  6425 | D:7      | Found a shadowy altar of Dithmenos.
  7056 | D:8      | Reached ***** piety under Trog
  7067 | D:8      | Identified the Guide on Frigorific Orientation
  7220 | D:8      | Reached skill level 13 in Axes
  7885 | D:8      | Reached skill level 1 in Shields
  8232 | D:9      | Reached skill level 14 in Axes
  8324 | D:9      | Noticed a komodo dragon
  8340 | D:9      | Killed a komodo dragon
  8359 | D:9      | Reached XP level 10. HP: 18/86 MP: 9/9
  8656 | D:9      | Received a gift from Trog
  8657 | D:9      | Reached skill level 5 in Shields
  8666 | D:9      | Found a staircase to the Lair.
  9058 | Lair:1   | Entered Level 1 of the Lair of Beasts
  9105 | Lair:1   | Noticed a cane toad
  9111 | Lair:1   | Killed a cane toad
  9351 | Lair:1   | Noticed a cane toad
  9353 | Lair:1   | Noticed a cane toad
  9367 | Lair:1   | Killed a cane toad
  9368 | Lair:1   | Reached skill level 15 in Axes
  9373 | Lair:1   | Killed a cane toad
  9621 | Lair:1   | Noticed a cane toad
  9628 | Lair:1   | Killed a cane toad
  9806 | Lair:1   | Noticed a cane toad
  9813 | Lair:1   | Killed a cane toad
 10079 | Lair:1   | Reached XP level 11. HP: 80/92 MP: 10/10
 10457 | Lair:2   | Noticed a four-headed hydra
 10464 | Lair:2   | Killed a one-headed hydra
 10465 | Lair:2   | Reached skill level 16 in Axes
 10642 | Lair:2   | Found a dark tunnel.
 10647 | Volcano  | Entered a volcano
 10728 | Volcano  | Noticed a wizard
 10740 | Volcano  | Killed a wizard
 10741 | Volcano  | Reached skill level 10 in Shields
 10802 | Volcano  | Noticed a wizard
 10809 | Volcano  | Killed a wizard
 10818 | Volcano  | Noticed a wizard
 10821 | Volcano  | Killed a wizard
 10835 | Volcano  | Noticed a wizard
 10835 | Volcano  | Noticed a wizard
 11155 | Lair:2   | Noticed Gastronok
 11179 | Lair:2   | Slain by Gastronok

Illustrated notes

Levels and vault maps discovered:
D:1:      tarquinn_simple_flora_water_e, layout_basic
D:2:      layout_loops_cross, uniq_robin
D:3:      layout_basic, gup_sewer_entry_bowl
D:4:      layout_cave_pools, serial_column_ruins, column_ruins_hut,
          column_ruins_hut, column_ruins_grid_1, column_ruins_corridor_straight,
          column_ruins_columns_water, uniq_edmund
D:5:      minmay_octagon_keep, layout_gridville,
          minmay_temple_entry_antechambers, serial_shops, shop
D:6:      layout_basic, serial_shops, shop, kennysheep_generic_room_13
D:7:      layout_basic, nicolae_qazlal_style_of_elements,
          nicolae_dithmenos_the_darkroom, uniq_maggie
D:8:      layout_basic
D:9:      layout_rooms, due_lair_maze_entry_diamond
Lair:1:   layout_gridlike, grunt_megastairs_1
Lair:2:   layout_hall_layers, minmay_shoals_entry_lonely_mermaid,
          enter_volcano_4, grunt_megastairs_3, uniq_gastronok

Skill      XL: |  1  2  3  4  5  6  7  8  9 10 11 |
---------------+----------------------------------+-----
Axes           | 4 5 7 8 10 12 14 15 16 | 16.0
Armour         | 3 4 5 |  5.0
Dodging        | 3 4 |  4.0
Fighting       | 4 5 6 7 |  7.1
Shields        | 4 8 11 | 11.4

Action                   |  1- 3 |  4- 6 |  7- 9 | 10-12 || total
-------------------------+-------+-------+-------+-------++-------
Melee: Hand axe          |    79 |   119 |   415 |    12 ||   625
       Headbutt          |     7 |    24 |    71 |    49 ||   151
       War axe           |       |       |       |   196 ||   196
Throw: Boomerang         |       |       |     1 |       ||     1
Invok: Berserk           |       |     3 |     4 |     2 ||     9
  Use: Potion            |       |     1 |     1 |     1 ||     3
       Scroll            |       |     5 |     7 |     3 ||    15
Armor: Animal skin       |     7 |       |       |       ||     7
       Ring mail         |     9 |    31 |       |       ||    40
       Leather armour    |       |     2 |     4 |       ||     6
       Scale mail        |       |       |    45 |       ||    45
       Plate armour      |       |       |    87 |    69 ||   156
Dodge: Dodged            |    50 |    93 |   178 |    33 ||   354
Block: Kite shield       |       |       |    15 |    78 ||    93
